 Dungeon Crawl Stone Soup version 0.19-a0-1468-ge013c26 (webtiles) character file.

35 LORDOFBUTT the Shield-Bearer (level 3, 0/30 HPs)
             Began as a Formicid Fighter on Sept 7, 2016.
             Succumbed to an adder's poison
             ... on level 2 of the Dungeon.
             The game lasted 00:01:05 (881 turns).

LORDOFBUTT the Shield-Bearer (Formicid Fighter)      Turns: 881, Time: 00:01:06

Health: 0/30       AC:  7    Str: 20    XL:     3   Next: 52%
Magic:  3/3        EV:  8    Int:  7    God:
Gold:   63         SH:  9    Dex: 13    Spells: 0 memorised, 2 levels left

rFire  + . .     SeeInvis +     a - +0 war axe
rCold  + . .     Gourm    .     b - +0 scale mail
rNeg   . . .     Faith    .     c - +0 shield
rPois  +         Spirit   .     (helmet unavailable)
rElec  +         Dismiss  .     (no cloak)
rCorr  +         Reflect  .     (no gloves)
MR     .....     Harm     .     (no boots)
Stlth  ..........               (no amulet)
                                (no ring)
                                (no ring)

@: lethally poisoned (0 -> -3), resistant
A: permanent stasis, dig shafts and tunnels, four strong arms, antennae 3, beak,
agile 1, evolution 1
a: Dig, Shaft Self


You were on level 2 of the Dungeon.
You were not hungry.

You visited 1 branch of the dungeon, and saw 2 of its levels.

You collected 63 gold pieces.

Inventory:

Hand Weapons
 a - a +0 war axe (weapon)
Missiles
 g - 19 poisoned needles
Armour
 b - a +0 scale mail (worn)
 c - a +0 shield (worn)
Jewellery
 o - a +3 amulet of reflection {unknown}
Scrolls
 e - a scroll of amnesia {unknown}
 i - a scroll of magic mapping {unknown}
 k - a scroll of fog {unknown}
 m - 2 scrolls of recharging {unknown}
 n - a scroll of enchant weapon {unknown}
Potions
 d - a potion of might
Comestibles
 f - 3 bread rations
 l - a meat ration


   Skills:
 + Level 3.7 Fighting
 + Level 2.1 Axes
 + Level 3.7 Armour
 + Level 0.1 Dodging
 + Level 0.3 Stealth
 + Level 4.1 Shields


You had 2 spell levels left.
You didn't know any spells.

Dungeon Overview and Level Annotations

Branches:
Dungeon (2/15)

Altars:
Okawaru


Innate Abilities, Weirdness & Mutations

You are under a permanent stasis effect.
You can dig through walls and to a lower floor.
Your four strong arms can wield two-handed weapons with a shield.
You have a pair of large antennae on your head. (SInv)
You have a beak for a mouth.
You are agile. (Dex +2)
You evolve.


Message History

Okay, then.
The adder bites you but does no damage.
* * * LOW HITPOINT WARNING * * *
You feel sick. The adder closely misses you.
* * * LOW HITPOINT WARNING * * *
You feel sick.
* * * LOW HITPOINT WARNING * * *
You feel sick. The adder bites you but does no damage.
* * * LOW HITPOINT WARNING * * *
You feel sick.
There is a lethal amount of poison in your body!
There is a lethal amount of poison in your body!
Okay, then.
The adder bites you.
* * * LOW HITPOINT WARNING * * *
* * * LOW HITPOINT WARNING * * *
You feel sick. The adder bites you.
* * * LOW HITPOINT WARNING * * *
You die...

.........###.#..####
..........+..........
..........###.##.####
.........# #.##..# #
.........# #.###.###
##......###.###..#
+............##.##
##.......##.#.##..#
#.@.S.##.##.# ###.#
#.###.# .##.# #....
#. #.# .# #.##. #.
#.# .# #. #. #. #.#
.# # #. .. #.# .. ##
.. #.# .. # .. #.# #
#


You could see an adder.

Vanquished Creatures
  An adder (D:2)
  A worm (D:2)
  A dart slug (D:1)
  A giant gecko (D:1)
  3 bats
  3 giant cockroaches (D:1)
  A hobgoblin (D:1)
  A giant newt (D:1)
  A goblin (D:2)
  5 kobolds (D:1)
  5 rats
23 creatures vanquished.

Notes
Turn   | Place    | Note
-------+----------+-------------------------------------------
     0 | D:1      | LORDOFBUTT the Formicid Fighter began the quest for the Orb.
     0 | D:1      | Reached XP level 1. HP: 18/18 MP: 1/1
    79 | D:1      | Reached XP level 2. HP: 24/24 MP: 2/2
   284 | D:1      | Reached skill level 4 in Shields
   306 | D:1      | Reached XP level 3. HP: 24/30 MP: 3/3
   584 | D:2      | Found an iron altar of Okawaru.
   869 | D:2      | Gained mutation: You are agile. (Dex +2) [potion of mutation]
   869 | D:2      | Gained mutation: You evolve. [potion of mutation]
   869 | D:2      | Gained mutation: You have a beak for a mouth. [potion of mutation]
   878 | D:2      | HP: 1/30 [adder (1)]
   881 | D:2      | Succumbed to an adder's poison

Vault maps used:
D:1:      saegor_arrival_simple_d
D:2:      nicolae_overflow_hidden_temple, nicolae_ru_the_path_less_chosen

Skill      XL: |  1  2 |
---------------+-------+-----
Shields        | 4 |  4.1
Fighting       | |  3.7
Axes           | |  2.1
Armour         | |  3.7
Dodging        | |  0.1
Stealth        | |  0.3

Action                   || total
-------------------------++-------
Melee: War axe           ||    56
  Use: Potion            ||     2
Armor: Scale mail        ||    37
Dodge: Dodged            ||    27
Block: Shield            ||    28
